woodfighter, chaotic female elven Rogue ---- ---- ---- |>.-----_(|----..| |...--).).--..%..| --.........%..--.| |..@..--.....||.| |...C..|.u)---|.| ---.`|.|.--- |.| |..|...| |.| |.`--.-- |.-- --...)| ----..| |..--- |<^...| ---- ------- woodfighter the Rogue Experience level: 6 Strength: 16 Dexterity: 19 Constitution: 15 Intelligence: 8 Wisdom: 11 Charisma: 8 Health: 0(42) Energy: 31(31) Def: 6 Gold: 0 Moves: 3226 Dungeon seed: ZlK8dij6eDZC3PTO Game ID: woodfighter_1511426801 Your Inventory: Amulets z - an uncursed amulet of ESP (being worn) Weapons a - a +0 elven short sword (weapon in hand) b - 9 +0 elven daggers (in quiver) Armor e - an uncursed +1 leather armor (being worn) n - an uncursed +0 orcish helm (being worn) r - an uncursed +0 elven shield (being worn) N - an uncursed +0 pair of elven boots (being worn) Comestibles d - 2 uncursed fortune cookies i - 2 uncursed food rations j - 3 uncursed sprigs of wolfsbane m - an uncursed roast turkey drumstick o - an uncursed tripe ration u - an uncursed cram ration A - 3 uncursed lembas wafers Rings g - an uncursed +1 ring of protection Y - a cursed ring of aggravate monster Wands h - a wand of opening (0:3) k - a wand of digging (0:3) C - a wand of sleep (0:6) O - a wand of speed monster (0:6) Tools f - an uncursed blindfold s - an uncursed bag of holding y - an uncursed lock pick Spells and supernatural/magical abilities: Name Level Category Fail Memory W - pray for help -- divine ? -- Your skills at the end: Miscellaneous Skills wands [Basic] Weapon Skills dagger [Basic] short sword [Basic] Spellcasting Skills Final Attributes: You were piously aligned. You were sleep resistant. Your writing hand was ok. You were telepathic. You had infravision. You were very stealthy. You are dead. Vanquished creatures: a quivering blob a dust vortex a bugbear a rock piercer a fog cloud a guardian naga hatchling a kitten a kobold lord 2 iguanas 3 rothes a centipede a jitterbug a giant bat 2 dwarf zombies 5 coyotes 2 gas spores a hobbit an acid blob 4 geckos 5 hobgoblins 4 giant rats 2 brown molds 4 gnomes 2 garter snakes 3 gnome zombies 3 jackals a kobold 4 newts 7 goblins 2 sewer rats 5 grid bugs 3 bats 3 lichens 2 kobold zombies 81 creatures vanquished. Voluntary challenges: You did not cause conflict. You were not invisible. You did not have reflection. You were not displaced. You used a wielded weapon 107 times, starting on turn 285. You did not apply a unicorn horn. You did not use plumbed fixtures. You did not drink any magical draughts. You read items or engraved 3 times, starting on turn 1272. You never genocided any monsters. You never polymorphed an object. You never changed form. You used no wishes. You never split a pudding. You never wrote Elbereth's name. You never violated your personal moral code. Dungeon overview: The Dungeons of Doom: levels 1 to 8 Level 1 a fountain, a sink a long staircase Level 2 Level 3 an altar to Issek, a fountain stairs to The Gnomish Mines Level 4 a fountain Level 5 a sink Level 6 many fountains Level 7 stairs to Sokoban Level 8 a sink The Gnomish Mines: Level 4 stairs to The Dungeons of Doom Sokoban: Level 6 <- You were here an altar to Mog, a magic chest stairs to The Dungeons of Doom History has recorded: On T:1 you entered the Dungeons of Doom to retrieve the Amulet of Yendor! On T:161 you reached level 2 of The Dungeons of Doom. On T:425 you advanced to experience level 2. On T:513 you reached level 3 of The Dungeons of Doom. On T:670 you advanced to experience level 3. On T:813 you reached level 1 of The Gnomish Mines. On T:971 you advanced to experience level 4. On T:997 you reached level 4 of The Dungeons of Doom. On T:1605 you reached level 5 of The Dungeons of Doom. On T:1721 you reached level 6 of The Dungeons of Doom. On T:2023 you advanced to experience level 5. On T:2250 you reached level 7 of The Dungeons of Doom. On T:2667 you reached level 8 of The Dungeons of Doom. On T:2771 you reached level 4 of Sokoban. On T:2909 you advanced to experience level 6. On T:2945 you opened a magic chest. Score breakdown: Gold: 0 ( 0 points) Experience: 6 levels ( 500 points) Exploration: 8 levels ( 210 points) Discoveries: 13 items ( 650 points) Variety of kills: 34 monsters ( 1700 points) Major goal: (nothing yet) ( 0 points) Survival: died (score multiplied by 3) Total score: 9180 Latest messages: The plains centaur punches you! The plains centaur misses. You stab the plains centaur. The plains centaur punches you! The plains centaur misses. You stab the plains centaur. The plains centaur just misses! The plains centaur kicks! The plains centaur punches you! The plains centaur misses. You stab the plains centaur! The plains centaur punches you! The plains centaur kicks! You stab the plains centaur! The plains centaur drinks a ruby potion! The plains centaur looks much better. The plains centaur punches you! The plains centaur kicks! You stab the plains centaur! The plains centaur just misses! The plains centaur kicks! You stab the plains centaur! The plains centaur punches you! The plains centaur kicks! You die... The bag of holding is empty. The bag of holding is empty. Final status: Goodbye woodfighter the Rogue, killed by a plains centaur... You died in Sokoban on dungeon level 6 with 9180 points, and 0 pieces of gold, after 3226 moves. You were level 6 with a maximum of 42 hit points when you died.